 Dungeon Crawl Stone Soup version 0.31.0-9-g3a7656b989 (webtiles) character file.

Game seed: 12460506567170721997

148 Conn the Sneak (level 5, 0/31 HPs)
             Began as an Octopode Fire Elementalist on Jan 27, 2024.
             Slain by a goblin
             ... wielding a +0 dagger
             ... led by Robin
              (3 damage)
             ... on level 3 of the Dungeon.
             The game lasted 00:03:57 (2153 turns).

Conn the Sneak (Octopode Fire Elementalist)         Turns: 2153, Time: 00:03:58

Health: 0/31       AC:  1    Str:  7    XL:     5   Next: 30%
Magic:  0/9        EV: 13    Int: 19    God:
Gold:   118        SH:  0    Dex: 13    Spells: 3/9 levels left

rFire   + . .        e - +0 dagger
rCold   . . .        (no shield)
rNeg    . . .        (helmet restricted)
rPois   .            m - amulet of the acrobat
rElec   .            o - ring of protection from fire
rCorr   .            (no ring)
SInv    .            (no ring)
Will    .....        (no ring)
Stlth   +++          (no ring)
HPRegen 0.25/turn    (no ring)
MPRegen 0.11/turn    (no ring)
                     (no ring)

%: acrobat
@: no status effects
A: almost no armour, amphibious, 8 rings, camouflage 1, gelatinous body 1,
(nimble swimmer 1), tentacles
a: no special abilities


You were on level 3 of the Dungeon.
You visited 1 branch of the dungeon, and saw 3 of its levels.

You collected 118 gold pieces.

Inventory:

Hand Weapons
 e - a +0 dagger (weapon)
Missiles
 b - 9 poisoned darts (quivered)
Jewellery
 m - an amulet of the acrobat (around mantle)
 o - a ring of protection from fire (left tentacle)
Wands
 q - a wand of mindburst (9)
Scrolls
 c - a scroll of poison {unknown}
 h - a scroll of silence {unknown}
 j - 2 scrolls of enchant weapon {unknown}
 l - 5 scrolls of identify {unknown}
 n - a scroll of fear {unknown}
 p - a scroll of blinking {unknown}
Potions
 a - 2 potions of magic
 d - a potion of lignification {unknown}
 f - a potion of ambrosia {unknown}
 g - 2 potions of berserk rage {unknown}
 i - a potion of enlightenment {unknown}
 k - a potion of resistance {unknown}


   Skills:
 + Level 3.0 Dodging
 + Level 4.1 Stealth
 + Level 2.7 Spellcasting
 + Level 2.2 Conjurations
 + Level 0.1 Hexes
 + Level 3.6 Fire Magic


You had 3 spell levels left.
You knew the following spells:

 Your Spells              Type           Power      Damage    Failure   Level
a - Foxfire               Conj/Fire      52%        2x1d6     4%          1
b - Scorch                Fire           32%        2d6       5%          2
c - Inner Flame           Hex/Fire       9%         N/A       22%         3

Your spell library contained the following spells:

 Spells                   Type           Power      Damage    Failure   Level
 Ensorcelled Hibernation  Hex/Ice        4%         N/A       22%         2
 Volatile Blastmotes      Fire/Tloc      18%        2d11      22%         3
 Passwall                 Erth           2%         N/A       43%         3
 Swiftness                Air            2%         N/A       43%         3
 Flame Wave               Conj/Fire      13%        2d6       43%         4
 Passage of Golubria      Tloc           2%         N/A       83%         4
 Silence                  Hex/Air        1%         N/A       99%         5
 Lehudib's Crystal Spear  Conj/Erth      3%         10d2      100%        8


Dungeon Overview and Level Annotations

Branches:
Dungeon (3/15)

Altars:
Ru


Innate Abilities, Weirdness & Mutations

You cannot wear most types of armour.
You are amphibious.
You can wear up to eight rings at the same time.
Your skin changes colour to match your surroundings (Stealth+).
Your rubbery body absorbs attacks. (AC +1, EV +1)
((You are camouflaged when in or above water. (Stealth+)))
You have tentacles for arms and can constrict up to eight enemies at once.


Message History

Robin throws the goblin at you! The goblin barely misses you.
The goblin misses you.
Robin says, "Duck!"
Robin closely misses you.
Things that are here:
a +0 club; a hobgoblin corpse You hit Robin but do no damage.
You grab Robin.
Your tentacle-slap misses Robin.
Robin is almost dead.
You constrict Robin, but do no damage. The goblin barely misses you.
Robin throws the goblin at you! The goblin closely misses you.
You hit Robin.
Robin is almost dead.
You constrict Robin, but do no damage. The goblin hits you with a +0 dagger.
Robin barely misses you. The goblin hits you with a +0 club.
Unknown command.
You hit Robin.
You kill Robin!
The hobgoblin hits you.
* * * LOW HITPOINT WARNING * * *
The goblin barely misses you. x2
Your Dodging skill increases to level 3!
You hit the hobgoblin. You grab the hobgoblin. You tentacle-slap the hobgoblin.
You squeeze the hobgoblin, but do no damage.
The hobgoblin is almost dead.
You constrict the hobgoblin.
You kill the hobgoblin!
The goblin hits you with a +0 club.
* * * LOW HITPOINT WARNING * * *
The goblin completely misses you.
Unknown command.
Okay, then.
Okay, then.
Casting: Foxfire (safe; 4% risk of failure)
Confirm with . or Enter, or press ? or * to list all spells.
Flames lash the goblin.
The goblin is almost dead.
The goblin's fire resistance burns away.
The goblin hits you with a +0 dagger.
You die...

# .. g.## # #..#
#.#...### #.#..)†.##
. ...###...#### #.
#.#...#)))..# #..
#.#...###@..# .
..#.#...#.g#g## #
..###...###...#.# #
....#...#...^.#.#
.###...###...###....#
#...#.......#...#...#
#...###...###...#..##
#...#..#.#..#...#...#
.###...#.#...###....#


You could see 2 goblins.

Vanquished Creatures
  A bombardier beetle (D:3)
  Ijyb (D:3)
  Robin (D:3)
  An adder (D:2)
  2 dart slugs (D:1)
  A ribbon worm (D:2)
  2 ball pythons (D:2)
  5 bats
  7 endoplasms
  2 giant cockroaches
  6 hobgoblins
  7 jackals
  8 kobolds
  A quokka (D:1)
  A frilled lizard (D:1)
  7 goblins
  4 rats
57 creatures vanquished.

Vanquished Creatures (others)
  137 foxfires
137 creatures vanquished.

Grand Total: 194 creatures vanquished

Notes
Turn   | Place    | Note
-------+----------+-------------------------------------------
     0 | D:1      | Conn the Octopode Fire Elementalist began the quest for the
                  | Orb.
     0 | D:1      | Reached XP level 1. HP: 11/11 MP: 3/3
    54 | D:1      | Reached XP level 2. HP: 5/17 MP: 0/5
    55 | D:1      | Reached skill level 3 in Stealth
   456 | D:1      | Reached XP level 3. HP: 21/21 MP: 1/6
  1476 | D:2      | Reached XP level 4. HP: 27/27 MP: 4/7
  1534 | D:2      | Learned a level 2 spell: Scorch
  1538 | D:2      | Learned a level 3 spell: Inner Flame
  1713 | D:3      | Found a faded altar of an unknown god.
  1788 | D:3      | Noticed Ijyb
  1804 | D:3      | Killed Ijyb
  1913 | D:3      | Found a sacrificial altar of Ru.
  2021 | D:3      | Reached skill level 4 in Stealth
  2021 | D:3      | Reached XP level 5. HP: 31/31 MP: 1/9
  2125 | D:3      | Noticed Robin
  2151 | D:3      | Killed Robin
  2153 | D:3      | Slain by a goblin

Illustrated notes

Levels and vault maps discovered:
D:1:      nzn_arrival_depleted_hourglass, layout_rooms
D:2:      layout_loops_ring
D:3:      layout_basic, minitemple, mainiacjoe_overflow_24_doors,
          ebering_ecumenical_altar_hall, minmay_misc_feat_enclosed,
          chequers_arboretum, nicolae_titane, uniq_robin, uniq_ijyb

Skill      XL: |  1  2  3  4  5 |
---------------+----------------+-----
Stealth        | 3 4 |  4.1
Conjurations   | 2 |  2.2
Dodging        | 3 |  3.0
Spellcasting   | |  2.7
Hexes          | |  0.1
Fire Magic     | |  3.6

Action                     |  1- 3 |  4- 6 || total
---------------------------+-------+-------++-------
  Melee: Unarmed           |     7 |       ||     7
         Constrict         |    10 |     5 ||    15
         Tentacles         |     6 |     5 ||    11
         Dagger            |    24 |    15 ||    39
         Punch             |     1 |     1 ||     2
  Throw: Dart              |       |     2 ||     2
   Cast: Foxfire           |    62 |    22 ||    84
         Scorch            |       |     5 ||     5
   Stab: Sleeping          |     4 |       ||     4
 Armour: Skin              |    11 |    15 ||    26
  Dodge: Dodged            |    27 |    23 ||    50
